 Dungeon Sprint DCSS version 0.27-a0-109-g416527ed24 (webtiles) character file.

Game seed: 5298036194107421619

3398 mhtbhm the Martial Artist (level 10, -4/65 HPs)
             Began as an Octopode Transmuter on Jan 24, 2021.
             Was a Priest of Makhleb.
             Slain by an unseen horror (8 damage)
             ... in the Dungeon (Sprint III: "The Ten Rune Challenge").
             The game lasted 00:04:21 (1412 turns).

mhtbhm the Martial Artist (Octopode Transmuter)     Turns: 1412, Time: 00:04:22

Health: -4/65      AC:  6    Str: 12    XL:     10   Next: 4%
Magic:  22/27      EV: 15    Int: 17    God:    Makhleb [***...]
Gold:   20         SH:  4    Dex: 12    Spells: 15/30 levels left

rFire    . . .     SeeInvis .     - Unarmed
rCold    . . .     Faith    .   (no shield)
rNeg     . . .     Spirit   .   (helmet restricted)
rPois    .         Reflect  .   (no amulet)
rElec    .         Harm     .   (no ring)
rCorr    .         Rampage  .   (no ring)
Will     .....     NoTele   +   (no ring)
Stlth    +++++.....             (no ring)
HPRegen  0.00/turn              (no ring)
MPRegen  0.20/turn              (no ring)
                                (no ring)
                                (no ring)

@: wereblooded
A: almost no armour, stealthy swim, amphibious, 8 rings, constrict 8, large bone
plates 1, thin metallic scales 1, yellow scales 1, camouflage 1, high mp 1,
shaggy fur 1, inhibited regeneration, gelatinous body 1
a: Renounce Religion, Minor Destruction, Lesser Servant of Makhleb


You were in the Dungeon.
You worshipped Makhleb.
Makhleb was most pleased with you.
You visited 1 branch You collected 20 gold pieces.

Inventory:

Wands
 l - a wand of polymorph (4)
Scrolls
 a - a scroll of immolation {unknown}
 c - 3 scrolls of identify
 f - 3 scrolls of remove curse
 g - a scroll of blinking
 j - a scroll of torment {unknown}
Potions
 b - 2 potions of curing
 d - a potion of haste
 e - 2 potions of magic
 h - 2 potions of might
 k - a potion of flight {unknown}
 m - a potion of attraction {unknown}
Miscellaneous
 i - a tin of tremorstones (2/2)


   Skills:
 + Level 4.3 Fighting
 + Level 5.0 Dodging
 + Level 9.4 Stealth
 + Level 1.3 Shields
 + Level 13.2 Unarmed Combat
 + Level 10.7 Spellcasting
 + Level 11.0 Transmutations
 + Level 3.1 Ice Magic


You had 15 spell levels left.
You knew the following spells:

 Your Spells              Type           Power        Failure   Level
a - Beastly Appendage     Tmut           92%          1%          1
b - Wereblood             Tmut           46%          1%          2
c - Spider Form           Tmut/Pois      13%          2%          3
d - Ice Form              Ice/Tmut       33%          4%          4
e - Blade Hands           Tmut           23%          2%          5

Your spell library contained the following spells:

 Spells                   Type           Power        Failure   Level
 Petrify                  Tmut/Erth      27%          9%          4
 Yara's Violent Unravell  Hex/Tmut       13%          22%         5
 Confusing Touch          Hex            9%           24%         3
 Gell's Gravitas          Tloc           4%           24%         3
 Metabolic Englaciation   Hex/Ice        7%           75%         5


Dungeon Overview and Level Annotations

Branches:
Dungeon (1/1)

Altars:
Cheibriados
Dithmenos
Elyvilon
Fedhas
Gozag
Hepliaklqana
Kikubaaqudgha
Makhleb
Nemelex Xobeh
Okawaru
Qazlal
Ru
Sif Muna
Trog
Uskayaw
Vehumet
Wu Jian
Xom
Yredelemnul
Zin
The Shining One
Beogh
Jiyva
Lugonu


Innate Abilities, Weirdness & Mutations

You cannot wear most types of armour.
You are very stealthy in the water. (Stealth+)
You are amphibious.
You can wear up to eight rings at the same time.
You can use your tentacles to constrict eight enemies at once.
Your skin changes colour to match your surroundings (Stealth+).
Your rubbery body absorbs attacks. (AC +1, EV +1)
You are partially covered in large bone plates. (SH +4)
You are partially covered in thin metallic scales. (AC +2)
You are partially covered in yellow scales. (AC +2)
You have an increased reservoir of magic. (+10% MP)
You are covered in fur. (AC +1)
You do not regenerate when monsters are visible.


Message History

You barely miss something. Something barely misses you.
Something hits you but does no damage.
You slash something!
You howl as the wereblood boils in your veins!
Your tentacles revert to their normal proportions.
Something hits you.
You swing at nothing.
Something hits you.
* * * LOW HITPOINT WARNING * * *
You tentacle-slap something. Something hits you!
* * * LOW HITPOINT WARNING * * *
Something hits you but does no damage.
You closely miss something. Your squeeze misses something. Something hits you.
* * * LOW HITPOINT WARNING * * *
You barely miss something. Something hits you but does no damage.
You swing at nothing.
Something hits you.
* * * LOW HITPOINT WARNING * * *
You miss something. Something hits you.
* * * LOW HITPOINT WARNING * * *
You barely miss something. Something hits you!
You die...

### __# ._# )## ..#
..# #'#
..#+###############
..#§§§§§§.#.'...@.#
..#.#≈§§#.#.#.).##.#
..'.#§§§#.#.#...#
#.#
..#.#§§§#...#)).#
#.#
▓▓▓▓▓▓▓▓▓▓▓▓▓▓▓▓#
#.# #.# #.# ##


There were no monsters in sight!

Vanquished Creatures
  Josephine (D)
  A centaur warrior (D)
  An unseen horror (D)
  A deep elf mage (D)
  A shadow (D)
  A spatial vortex (D)
  A necrophage (D)
  2 centaurs (D)
  An earth elemental (D)
  A water elemental (D)
  Crazy Yiuf (D)
  A jelly (D)
  A wizard (D)
  A necromancer (D)
  3 humans (D)
  A kobold demonologist (D)
  2 oozes (D)
  2 rats (D)
23 creatures vanquished.

Notes
Turn   | Place    | Note
-------+----------+-------------------------------------------
     0 | D        | mhtbhm the Octopode Transmuter began the quest for the Orb.
     0 | D        | Reached XP level 1. HP: 13/13 MP: 3/3
     9 | D        | Reached skill level 4 in Unarmed Combat
    15 | D        | Reached XP level 2. HP: 7/18 MP: 5/5
   172 | D        | Learned a level 2 spell: Wereblood
   265 | D        | Reached skill level 1 in Stealth
   265 | D        | Reached skill level 5 in Unarmed Combat
   265 | D        | Reached XP level 3. HP: 22/23 MP: 4/7
   291 | D        | Learned a level 3 spell: Spider Form
   299 | D        | Noticed Crazy Yiuf
   306 | D        | Killed Crazy Yiuf
   307 | D        | Reached skill level 6 in Unarmed Combat
   307 | D        | Reached XP level 4. HP: 28/28 MP: 4/8
   328 | D        | Gained mutation: Your body sometimes deteriorates upon
                  | taking damage. [potion of mutation]
   328 | D        | Gained mutation: You are partially covered in large bone
                  | plates. (SH +4) [potion of mutation]
   328 | D        | Gained mutation: You have an increased reservoir of magic.
                  | (+10% MP) [potion of mutation]
   329 | D        | Lost mutation: Your body sometimes deteriorates upon taking
                  | damage. [potion of mutation]
   329 | D        | Gained mutation: You tend to lose your temper in combat.
                  | [potion of mutation]
   329 | D        | Gained mutation: Your body sometimes deteriorates upon
                  | taking damage. [potion of mutation]
   329 | D        | Gained mutation: You are partially covered in iridescent
                  | scales. (AC +2) [potion of mutation]
   330 | D        | Lost mutation: Your body sometimes deteriorates upon taking
                  | damage. [potion of mutation]
   330 | D        | Lost mutation: You are partially covered in iridescent
                  | scales. (AC +2) [potion of mutation]
   330 | D        | Lost mutation: You tend to lose your temper in combat.
                  | [potion of mutation]
   330 | D        | Gained mutation: Your body sometimes deteriorates upon
                  | taking damage. [potion of mutation]
   330 | D        | Gained mutation: Scrolls take you a little longer to read.
                  | [potion of mutation]
   330 | D        | Gained mutation: You are agile. (Dex +2) [potion of
                  | mutation]
   330 | D        | Gained mutation: You are robust. (+10% HP) [potion of
                  | mutation]
   331 | D        | Lost mutation: You are robust. (+10% HP) [potion of
                  | mutation]
   331 | D        | Lost mutation: You are agile. (Dex +2) [potion of mutation]
   331 | D        | Gained mutation: Your muscles are strong. (Str +2) [potion
                  | of mutation]
   334 | D        | Lost mutation: Your body sometimes deteriorates upon taking
                  | damage. [potion of mutation]
   334 | D        | Lost mutation: Scrolls take you a little longer to read.
                  | [potion of mutation]
   334 | D        | Lost mutation: Your muscles are strong. (Str +2) [potion of
                  | mutation]
   334 | D        | Gained mutation: You do not regenerate when monsters are
                  | visible. [potion of mutation]
   334 | D        | Gained mutation: You are partially covered in thin metallic
                  | scales. (AC +2) [potion of mutation]
   334 | D        | Gained mutation: You are covered in fur. (AC +1) [potion of
                  | mutation]
   334 | D        | Gained mutation: You are partially covered in yellow
                  | scales. (AC +2) [potion of mutation]
   451 | D        | Noticed a water elemental
   471 | D        | Killed a water elemental
   472 | D        | Reached skill level 7 in Unarmed Combat
   472 | D        | Reached XP level 5. HP: 4/33 MP: 6/12
   521 | D        | Learned a level 4 spell: Ice Form
   732 | D        | Found a radiant altar of Vehumet.
   732 | D        | Found a shimmering blue altar of Sif Muna.
   732 | D        | Found an ancient bone altar of Kikubaaqudgha.
   734 | D        | Noticed a ynoxinul
   884 | D        | Noticed a shadow
   887 | D        | Killed a shadow
   888 | D        | Reached skill level 9 in Unarmed Combat
   888 | D        | Reached skill level 5 in Spellcasting
   888 | D        | Reached skill level 5 in Transmutations
   888 | D        | Reached skill level 1 in Ice Magic
   888 | D        | Reached XP level 6. HP: 38/39 MP: 8/16
   894 | D        | Found a blossoming altar of Fedhas.
   894 | D        | Found a stormy altar of Qazlal.
   894 | D        | Found a snail-covered altar of Cheibriados.
   894 | D        | Found a burning altar of Makhleb.
   894 | D        | Found a shimmering altar of Xom.
   894 | D        | Noticed a spatial vortex
   895 | D        | Found a hazy altar of Hepliaklqana.
   895 | D        | Found an opulent altar of Gozag.
   895 | D        | Found a sparkling altar of Nemelex Xobeh.
   895 | D        | Found a corrupted altar of Lugonu.
   895 | D        | Found a viscous altar of Jiyva.
   904 | D        | Killed a spatial vortex
   905 | D        | Reached XP level 7. HP: 31/45 MP: 12/18
   909 | D        | Became a worshipper of Makhleb the Destroyer
  1047 | D        | Learned a level 5 spell: Blade Hands
  1050 | D        | Found a basalt altar of Yredelemnul.
  1050 | D        | Found a shadowy altar of Dithmenos.
  1050 | D        | Found a sacrificial altar of Ru.
  1054 | D        | Reached skill level 10 in Unarmed Combat
  1062 | D        | Found a hide-covered altar of Uskayaw.
  1062 | D        | Found a roughly hewn altar of Beogh.
  1062 | D        | Found an iron altar of Okawaru.
  1062 | D        | Found a bloodstained altar of Trog.
  1062 | D        | Found an ornate altar of the Wu Jian Council.
  1062 | D        | Noticed a human
  1063 | D        | Noticed a human
  1065 | D        | Killed a human
  1065 | D        | Reached * piety under Makhleb
  1069 | D        | Killed a human
  1070 | D        | Reached XP level 8. HP: 48/52 MP: 12/21
  1124 | D        | Found a glowing silver altar of Zin.
  1124 | D        | Found a glowing golden altar of the Shining One.
  1124 | D        | Found a white marble altar of Elyvilon.
  1124 | D        | Noticed a deep elf mage
  1127 | D        | Killed a deep elf mage
  1128 | D        | Reached skill level 11 in Unarmed Combat
  1170 | D        | Noticed Josephine
  1178 | D        | Killed Josephine
  1178 | D        | Reached ** piety under Makhleb
  1179 | D        | Reached skill level 1 in Shields
  1179 | D        | Reached skill level 12 in Unarmed Combat
  1179 | D        | Reached XP level 9. HP: 58/58 MP: 17/24
  1234 | D        | Noticed a centaur warrior
  1245 | D        | Killed a centaur warrior
  1245 | D        | Reached *** piety under Makhleb
  1246 | D        | Reached skill level 10 in Spellcasting
  1246 | D        | Reached skill level 10 in Transmutations
  1396 | D        | Killed an unseen horror
  1397 | D        | Reached skill level 5 in Dodging
  1397 | D        | Reached skill level 13 in Unarmed Combat
  1397 | D        | Reached XP level 10. HP: 48/65 MP: 19/27
  1412 | D        | Slain by an unseen horror

Illustrated notes

Levels and vault maps discovered:
D:        dungeon_sprint_mu [sprint_mu_entry_forest, sprint_mu_temple_rooms,
          sprint_mu_d1_horrors, sprint_mu_d2_genie, sprint_mu_d3_branching,
          sprint_mu_orc_legion, sprint_mu_elf_gauntlet, sprint_mu_hive_nellie,
          sprint_mu_lair_fedhas, sprint_mu_vaults_butterflies,
          sprint_mu_slime_circle, sprint_mu_shoals_archi,
          sprint_mu_snake_twists, sprint_mu_blade_basic,
          sprint_mu_crypt_fortress, sprint_mu_tomb_spiral,
          sprint_mu_vestibule_basic, sprint_mu_gehenna_hellfire,
          sprint_mu_dis_giant, sprint_mu_tartarus_statrot,
          sprint_mu_cocytus_islands, sprint_mu_zot1]

Skill      XL: |  1  2  3  4  5  6  7  8  9 |
---------------+----------------------------+-----
Unarmed Combat | 4 5 6 7 9 10 12 13 | 13.2
Stealth        | 1 2 3 6 7 8 9 |  9.4
Transmutations | 3 4 5 6 7 9 11 | 11.0
Spellcasting   | 3 4 5 6 7 9 10 | 10.7
Dodging        | 3 4 5 |  5.0
Fighting       | 2 3 4 |  4.3
Ice Magic      | 1 2 3 |  3.1
Shields        | 1 |  1.3

Action                   |  1- 3 |  4- 6 |  7- 9 | 10-12 || total
-------------------------+-------+-------+-------+-------++-------
Melee: Unarmed           |    24 |    33 |    30 |    10 ||    97
       Tentacles         |     4 |     2 |     6 |       ||    12
       Punch             |     2 |     1 |     3 |       ||     6
       Kick              |     4 |     1 |       |       ||     5
       Constrict         |     3 |       |     3 |       ||     6
 Cast: Wereblood         |     2 |     3 |     5 |       ||    10
       Beastly Appendage |     2 |     1 |       |       ||     3
       Ice Form          |       |     2 |     1 |       ||     3
       Blade Hands       |       |       |     5 |       ||     5
  Use: Potion            |     2 |     5 |       |       ||     7
 Stab: Sleeping          |     3 |     1 |     3 |       ||     7
Armor: Skin              |       |     1 |     5 |     5 ||    11
Dodge: Dodged            |     6 |    11 |     7 |     3 ||    27
Block: Other             |       |     2 |     3 |       ||     5

Table legend: (Time is in decaauts)
 A = Elapsed time spent in this place.
 B = Non-inter-level travel time spent in this place.
 C = Inter-level travel time spent in this place.
 D = Time resting spent in this place.
 E = Time spent auto-exploring this place.
 F = Levels seen in this place.
 G = Mean time per level.
                   A        B        C        D        E       F      G
               +--------+--------+--------+--------+--------+-----+--------+
         Total |   1408 |   1408 |      0 |   1024 |      1 |   1 | 1408.0 |
       Dungeon |   1408 |   1408 |      0 |   1024 |      1 |   1 | 1408.0 |
               +--------+--------+--------+--------+--------+-----+--------+

Top non-repeatable levels by time:
       D: 1408 daAuts
